 Dungeon Crawl Stone Soup version 0.28-a0-984-g3775c662fe (webtiles) character file.

Game seed: 1450874272095583292

81 bearlyready the Poker (level 4, -1/35 HPs)
             Began as a Merfolk Fighter on Dec 3, 2021.
             Slain by an orc wizard (3 damage)
             ... on level 2 of the Dungeon.
             The game lasted 00:04:31 (1881 turns).

bearlyready the Poker (Merfolk Fighter)             Turns: 1881, Time: 00:04:32

Health: -1/35      AC:  6    Str: 20    XL:     4   Next: 42%
Magic:  4/4        EV:  9    Int:  7    God:
Gold:   34         SH:  4    Dex: 13    Spells: 3/3 levels left

rFire   . . .      SeeInvis .   a - +0 trident
rCold   . . .      Faith    .   c - +0 buckler
rNeg    . . .      Spirit   .   b - +0 scale mail
rPois   .          Reflect  .   (no helmet)
rElec   .          Harm     .   (no cloak)
rCorr   .          Rampage  .   (no gloves)
Will    .....                   (no boots)
Stlth   +.........              (no amulet)
HPRegen 0.11/turn               (no ring)
MPRegen 0.09/turn               (no ring)

@: no status effects
A: (nimble swimmer 2), mertail, camouflage 1, strong 1
a: no special abilities


You were on level 2 of the Dungeon.
You visited 1 branch of the dungeon, and saw 3 of its levels.

You collected 34 gold pieces.

Inventory:

Hand Weapons
 a - a +0 trident (weapon)
Missiles
 f - 79 stones (quivered)
 n - 21 sling bullets
Armour
 b - a +0 scale mail (worn)
 c - a +0 buckler (worn)
Scrolls
 e - a scroll of torment {unknown}
 g - 3 scrolls of identify {unknown}
 i - a scroll of noise {unknown}
 j - a scroll of fog {unknown}
 k - a scroll of enchant weapon {unknown}
Potions
 h - a potion of mutation


   Skills:
 - Level 3.2 Fighting
 + Level 6.6 Polearms
 - Level 2.1 Armour
 - Level 3.0 Shields


You had 3 spell levels left.
You didn't know any spells.
Your spell library was empty.

Dungeon Overview and Level Annotations

Branches:
Dungeon (3/15)

Altars:


Innate Abilities, Weirdness & Mutations

((You are quick and stealthy near water. (Stealth+, EV+, Speed+++)))
Your lower body shifts to a powerful aquatic tail in water.
Your skin changes colour to match your surroundings (Stealth+).
Your muscles are strong. (Str +2)


Message History

The ball python closely misses you.
You miss something.
You hear some strange, mumbled words.
A magic dart appears from out of thin air!
The magic dart hits you. The ball python bites you.
* * * LOW HITPOINT WARNING * * *
The ball python closely misses you.
You miss something.
The ball python bites you but does no damage.
The ball python closely misses you. Something hits you but does no damage.
The ball python completely misses you. You block the ball python's attack.
You hit the ball python but do no damage.
Something hits you.
* * * LOW HITPOINT WARNING * * *
You block the ball python's attack. x2
You hit the ball python.
You kill the ball python!
You block something's attack.
You barely miss something. Something hits you.
* * * LOW HITPOINT WARNING * * *
You closely miss something.
You hear some strange, mumbled words.
You are confused.
You completely miss something. Something hits you.
* * * LOW HITPOINT WARNING * * *
You are too confused!
Unknown command.
It was a potion of magic.
Magic courses through your body. Something hits you but does no damage.
You miss something. Something hits you but does no damage.
It was a potion of curing.
You feel better. You block something's attack.
You barely miss something. Something hits you.
* * * LOW HITPOINT WARNING * * *
You hit something.
You hear some strange, mumbled words.
A magic dart appears from out of thin air!
The magic dart hits you!
* * * LOW HITPOINT WARNING * * *
You closely miss something. Something hits you.
You die...

...........##.P..P
..................#####_
#.................#.....
................#.#...P.
..................#PP...
...................#P..P.
......(..............#.P..
........(........#.###....
$.......†@{.....##.###...P
.................#.##.##..
...........).........###..
.............>..........##
..........##..##..........
o...).....###.#####.......
..####..####...## #.......
#..## #.#..# #....... #...
...##.# #.......


There were no monsters in sight!

Vanquished Creatures
  An orc priest (D:2)
  2 worms
  2 dart slugs (D:1)
  3 orcs (D:3)
  4 endoplasms
  2 giant cockroaches
  3 goblins
  A hobgoblin (D:1)
  7 kobolds
  2 quokkas
  5 ball pythons
  A bat (D:2)
  2 frilled lizards (D:1)
  3 rats
38 creatures vanquished.

Vanquished Creatures (others)
  3 demonic plants (D:2)
  4 fungi (D:2)
  A plant (D:2)
  2 withered plants (D:2)
10 creatures vanquished.

Grand Total: 48 creatures vanquished

Notes
Turn   | Place    | Note
-------+----------+-------------------------------------------
     0 | D:1      | bearlyready the Merfolk Fighter began the quest for the
                  | Orb.
     0 | D:1      | Reached XP level 1. HP: 18/18 MP: 1/1
   212 | D:1      | Reached skill level 4 in Polearms
   212 | D:1      | Reached XP level 2. HP: 24/24 MP: 2/2
  1013 | D:2      | Reached skill level 5 in Polearms
  1013 | D:2      | Reached XP level 3. HP: 29/29 MP: 3/3
  1014 | D:2      | Found a faded altar of an unknown god.
  1849 | D:2      | Gained mutation: Your muscles are strong. (Str +2) [potion
                  | of mutation]
  1849 | D:2      | Gained mutation: Your skin changes colour to match your
                  | surroundings (Stealth+). [potion of mutation]
  1852 | D:2      | Reached skill level 6 in Polearms
  1852 | D:2      | Reached XP level 4. HP: 35/35 MP: 4/4
  1881 | D:2      | Slain by an orc wizard

Illustrated notes

Levels and vault maps discovered:
D:1:      dpeg_arrival_lava_temple_mockup, layout_basic, chequers_big_river
D:2:      layout_rooms, shapermc_ecumenical_altar_gd, minmay_misc_feat_cross
D:3:      layout_basic, grunt_ministairs_2

Skill      XL: |  1  2  3 |
---------------+----------+-----
Polearms       | 4 5 6 |  6.6
Fighting       | |  3.2
Armour         | |  2.1
Shields        | |  3.0

Action                   |  1- 3 |  4- 6 || total
-------------------------+-------+-------++-------
Melee: Trident           |    90 |    21 ||   111
Throw: Stone             |     2 |       ||     2
  Use: Potion            |     2 |     2 ||     4
Armor: Scale mail        |    28 |     7 ||    35
Dodge: Dodged            |    25 |     5 ||    30
Block: Buckler           |    11 |     8 ||    19

Table legend: (Time is in decaauts)
 A = Elapsed time spent in this place.
 B = Non-inter-level travel time spent in this place.
 C = Inter-level travel time spent in this place.
 D = Time resting spent in this place.
 E = Time spent auto-exploring this place.
 F = Levels seen in this place.
 G = Mean time per level.
                   A        B        C        D        E       F      G
               +--------+--------+--------+--------+--------+-----+--------+
         Total |   1878 |   1774 |    104 |    676 |    824 |   3 |  626.0 |
       Dungeon |   1878 |   1774 |    104 |    676 |    824 |   3 |  626.0 |
               +--------+--------+--------+--------+--------+-----+--------+

Top non-repeatable levels by time:
     D:1: 996 daAuts
     D:3: 562 daAuts
     D:2: 320 daAuts
